[Event "Titled Tuesday Blitz February 22 Early 2022"]
[White "Qashashvili, Alexandre"]
[Black "Petrovic, Aleksa"]
[WhiteFideId "13600842"]
[BlackFideId "967629"]
[WhiteElo "2316"]
[BlackElo "2139"]
[Result "1-0"]
[Round "09"]
[TimeControl "180+1"]
[Date "2022.02.22"]
[WhiteClock "0:00:26"]
[BlackClock "0:00:01"]

1. e4 c5 2. Nc3 Nc6 3. Nf3 Nf6 4. d3 g6 5. Be3 d6 6. Qd2 Bg4 7. Be2 Bxf3 8. Bxf3 Bg7 9. Bh6 Bxh6 10. Qxh6 Nd4 11. Bd1 b5 12. Ne2 Nxe2 13. Bxe2 Qa5+ 14. Qd2 Qxd2+ 15. Kxd2 e5 16. a4 b4 17. c3 a5 18. Ke3 Ke7 19. Rhd1 Rhb8 20. c4 Ne8 21. Bg4 h5 22. Bh3 Nc7 23. b3 Rf8 24. f4 f6 25. Rf1 Na6 26. Rf2 Nb8 27. g4 hxg4 28. Bxg4 Nc6 29. Raf1 Nd4 30. Bd1 exf4+ 31. Rxf4 Ke6 32. h4 Ra7 33. Rg1 Rg7 34. Rfg4 Rh8 35. Rxg6 Rxg6 36. Rxg6 Rxh4 37. Rg7 Rh3+ 38. Kf4 Rxd3 39. Bg4+ f5 40. Rg6+ Kf7 41. exf5 Nxb3 42. Rh6 Rd4+ 43. Kg5 Nd2 44. Rh7+ Kg8 45. Ra7 b3 46. f6 Rxg4+ 47. Kxg4 Nxc4 48. Rb7 b2 49. Kf5 Ne5 50. Rxb2 Kf7 51. Rb7+ Ke8 52. Ke6 Kd8 53. Kxd6 Ng6 54. Rg7 1-0


[Site "https://www.chess.com"]

[Event "Titled Tuesday Blitz February 22 Early 2022"]
[White "Quirke, Jeffrey"]
[Black "Jakubowska, Anna"]
[WhiteFideId "2013029"]
[BlackFideId "1121952"]
[WhiteElo "2221"]
[BlackElo "1924"]
[Result "1-0"]
[Round "09"]
[TimeControl "180+1"]
[Date "2022.02.22"]
[WhiteClock "0:00:06"]
[BlackClock "0:00:37"]

1. d4 d5 2. c4 c6 3. Nc3 Nf6 4. e3 e6 5. Nf3 Nbd7 6. Qc2 Bd6 7. Bd3 dxc4 8. Bxc4 O-O 9. O-O e5 10. h3 Qe7 11. Bb3 e4 12. Nd2 Re8 13. f3 exf3 14. Nxf3 h6 15. Bd2 Bc7 16. Rae1 Qd6 17. e4 Qg3 18. e5 Nh5 19. Ng5 Nxe5 20. Qh7+ Kf8 21. Rxf7+ Nxf7 22. Rxe8+ Kxe8 23. Qg8+ Ke7 24. Qxf7+ Kd8 25. Qf8+ Kd7 26. Be6# 1-0


[Site "https://www.chess.com"]

[Event "Titled Tuesday Blitz February 22 Early 2022"]
[White "Rich, Albert J"]
[Black "Mangialardo, Tiago Carvalho"]
[WhiteFideId "2028735"]
[BlackFideId "2130718"]
[WhiteElo "2363"]
[BlackElo "2123"]
[Result "1-0"]
[Round "09"]
[TimeControl "180+1"]
[Date "2022.02.22"]
[WhiteClock "0:00:44"]
[BlackClock "0:00:10"]

1. d4 d5 2. Nc3 Nf6 3. Bg5 e6 4. e4 dxe4 5. Nxe4 Be7 6. Bxf6 Bxf6 7. Nf3 O-O 8. Qd2 b6 9. O-O-O Bb7 10. Qf4 c6 11. h4 Qe7 12. Bd3 Ba6 13. g4 Bxd3 14. Rxd3 Qd8 15. g5 Be7 16. Ne5 Qd5 17. Kb1 a5 18. Rg1 a4 19. a3 b5 20. Nf6+ Bxf6 21. gxf6 Nd7 22. Rxg7+ Kh8 23. Qh6 Qh1+ 24. Ka2 Qd5+ 25. c4 1-0


[Site "https://www.chess.com"]

[Event "Titled Tuesday Blitz February 22 Early 2022"]
[White "Rodchenkov, Vitaly"]
[Black "Przybylski, Wojciech"]
[WhiteFideId "4152964"]
[BlackFideId "1117599"]
[WhiteElo "2337"]
[BlackElo "2133"]
[Result "0-1"]
[Round "09"]
[TimeControl "180+1"]
[Date "2022.02.22"]
[WhiteClock "0:00:34"]
[BlackClock "0:00:08"]

1. Nf3 Nf6 2. c4 c6 3. b3 d5 4. Bb2 Bg4 5. Ne5 Bf5 6. g3 Nbd7 7. Bg2 h5 8. O-O h4 9. d3 Qc7 10. Nxd7 Qxd7 11. Nd2 Bh3 12. Nf3 hxg3 13. fxg3 Bxg2 14. Kxg2 Qh3+ 15. Kg1 Ng4 16. Rf2 e6 17. cxd5 Nxf2 18. Kxf2 exd5 19. e4 dxe4 20. Qe2 O-O-O 21. Qxe4 Bc5+ 22. d4 Rhe8 23. Qf4 Bb6 24. Rc1 f6 25. b4 Qe6 26. b5 Qe2+ 27. Kg1 Qxb2 28. bxc6 Bxd4+ 29. Kh1 Be5 30. cxb7+ Kb8 31. Nxe5 Qxe5 32. Qf2 Qe4+ 33. Kg1 Qe3 0-1


[Site "https://www.chess.com"]

[Event "Titled Tuesday Blitz February 22 Early 2022"]
[White "Rudykh, Stepan"]
[Black "Oro, Luis"]
[WhiteFideId "4180321"]
[BlackFideId "104094"]
[WhiteElo "2117"]
[BlackElo "2271"]
[Result "0-1"]
[Round "09"]
[TimeControl "180+1"]
[Date "2022.02.22"]
[WhiteClock "0:00:54"]
[BlackClock "0:01:20"]

1. e4 e5 2. Nf3 Nc6 3. Bb5 a6 4. Ba4 Nf6 5. d4 b5 6. Bb3 Nxe4 7. O-O d5 8. Nc3 Nxc3 9. bxc3 e4 10. Re1 Be7 11. Ne5 Nxe5 12. dxe5 Be6 13. f3 c5 14. a4 exf3 15. axb5 c4 16. Ba4 Bc5+ 17. Be3 Bxe3+ 18. Rxe3 fxg2 19. bxa6+ Kf8 20. Bc6 Qb6 21. Bxa8 Qxe3+ 22. Kxg2 Bh3+ 0-1


[Site "https://www.chess.com"]

[Event "Titled Tuesday Blitz February 22 Early 2022"]
[White "Sadykov, Ramil"]
[Black "Shevtchenko, Olesya"]
[WhiteFideId "24113590"]
[BlackFideId "24131890"]
[WhiteElo "2300"]
[BlackElo "2003"]
[Result "1-0"]
[Round "09"]
[TimeControl "180+1"]
[Date "2022.02.22"]
[WhiteClock "0:00:12"]
[BlackClock "0:00:37"]

1. d4 d5 2. Bf4 Nf6 3. e3 c5 4. Nc3 cxd4 5. exd4 a6 6. Nce2 Nc6 7. c3 e5 8. Bxe5 Nxe5 9. dxe5 Ng4 10. Nf3 Qb6 11. Ned4 Qxb2 12. Be2 Qxc3+ 13. Kf1 Bc5 14. Rc1 Qa3 15. h3 Bxd4 16. hxg4 Bb2 17. Rb1 Bxg4 18. Qxd5 O-O 19. Qe4 f5 20. exf6 Rxf6 21. Qxg4 Qxa2 22. Bc4+ 1-0


[Site "https://www.chess.com"]

[Event "Titled Tuesday Blitz February 22 Early 2022"]
[White "Safarli, Eltaj"]
[Black "Bluebaum, Matthias"]
[WhiteFideId "13402129"]
[BlackFideId "24651516"]
[WhiteElo "2634"]
[BlackElo "2550"]
[Result "1-0"]
[Round "09"]
[TimeControl "180+1"]
[Date "2022.02.22"]
[WhiteClock "0:00:20"]
[BlackClock "0:00:03"]

1. e4 c6 2. d4 d5 3. exd5 cxd5 4. c4 Nf6 5. Nc3 Nc6 6. Bg5 a6 7. Nf3 Be6 8. Be2 g6 9. Bxf6 exf6 10. c5 Bh6 11. O-O O-O 12. a3 g5 13. b4 g4 14. Ne1 f5 15. f4 Qf6 16. Nc2 Bg7 17. Rc1 Nxd4 18. Nxd4 Qxd4+ 19. Kh1 Rad8 20. Bd3 Qe3 21. Ne2 Rfe8 22. Ng3 d4 23. Rc2 Bb3 24. Nxf5 Qe6 25. Qxg4 Qf6 26. Re2 Rxe2 27. Qxe2 Be6 28. Nxg7 Qxg7 29. f5 Bd5 30. Rf4 Qf6 31. h3 Kf8 32. Qf2 Bc6 33. Rg4 h5 34. Rf4 Qg5 35. Kh2 Qf6 36. Qh4 Qxh4 37. Rxh4 Re8 38. Rxd4 Kg7 39. Kg3 Kf6 40. Rd6+ Ke5 41. Kf2 Rg8 42. g3 Rh8 43. Bxa6 Kxf5 44. Bd3+ Ke5 45. b5 Bd5 46. Ke3 Rc8 47. Rh6 Be6 48. Rxh5+ Kf6 49. c6 bxc6 50. Rc5 Bd5 51. bxc6 Bxc6 52. Kd2 Bd7 53. Rxc8 Bxc8 54. h4 Ke5 55. Ke3 f6 56. a4 Bd7 57. a5 Bc8 58. a6 1-0


[Site "https://www.chess.com"]

[Event "Titled Tuesday Blitz February 22 Early 2022"]
[White "Sahil, Tickoo"]
[Black "Dziththauly, Ramadhan"]
[WhiteFideId "5019710"]
[BlackFideId "7105525"]
[WhiteElo "2099"]
[BlackElo "2590"]
[Result "0-1"]
[Round "09"]
[TimeControl "180+1"]
[Date "2022.02.22"]
[WhiteClock "0:00:03"]
[BlackClock "0:01:41"]

1. d4 Nf6 2. c4 e6 3. Nc3 Bb4 4. Qc2 c5 5. dxc5 Na6 6. a3 Bxc3+ 7. Qxc3 Nxc5 8. f3 d6 9. b4 Ncd7 10. Bb2 b6 11. Nh3 Bb7 12. Nf2 Rc8 13. Qb3 d5 14. e3 O-O 15. Be2 dxc4 16. Bxc4 Nd5 17. O-O Nxe3 18. Qxe3 Rxc4 19. Rfd1 Bd5 20. Nd3 Qh4 21. Ne5 Nxe5 22. Qxe5 f6 23. Qg3 Qxg3 24. hxg3 Rc2 25. Bd4 Rfc8 26. Rf1 Rd2 27. Be3 Rd3 28. Bf2 Rc2 29. a4 Rdd2 30. a5 Bc4 31. axb6 axb6 32. g4 Bxf1 33. Rxf1 Rb2 34. g5 fxg5 0-1


[Site "https://www.chess.com"]

[Event "Titled Tuesday Blitz February 22 Early 2022"]
[White "Samant Aditya S"]
[Black "Brunner, Nicolas"]
[WhiteFideId "35080580"]
[BlackFideId "620246"]
[WhiteElo "1916"]
[BlackElo "2372"]
[Result "1/2-1/2"]
[Round "09"]
[TimeControl "180+1"]
[Date "2022.02.22"]
[WhiteClock "0:00:12"]
[BlackClock "0:00:18"]

1. e4 e5 2. Nf3 Nc6 3. d4 exd4 4. Bc4 Nf6 5. O-O Nxe4 6. Re1 d5 7. Nc3 dxc3 8. Bxd5 Be6 9. Bxe4 Qxd1 10. Rxd1 cxb2 11. Bxb2 f6 12. Rab1 Bc5 13. Nd4 Nxd4 14. Bxd4 Bb6 15. Bxb7 Rd8 16. Bxb6 axb6 17. a4 Kf7 18. Be4 h6 19. g3 Rhe8 20. Bc6 Rxd1+ 21. Rxd1 Re7 22. Kg2 Bf5 23. c3 Be4+ 24. Bxe4 Rxe4 25. Rd7+ Re7 26. Rd4 Ke6 27. Kf3 f5 28. h4 g5 29. h5 Ke5 30. Ke3 Re6 31. f4+ Kf6+ 32. Kd3 Re1 33. Rc4 Rg1 34. Rc6+ Ke7 35. Kd4 Rxg3 36. Ke5 gxf4 37. Kxf4 Rh3 38. Rxh6 Rxc3 39. Kxf5 Rc4 40. Re6+ Kf7 41. Re4 Rxe4 42. Kxe4 c5 43. Kd5 Kg7 44. Kc4 Kh6 45. Kb5 Kxh5 46. a5 bxa5 47. Kxc5 Kg5 48. Kb5 Kf5 49. Kxa5 1/2-1/2


[Site "https://www.chess.com"]

[Event "Titled Tuesday Blitz February 22 Early 2022"]
[White "Samunenkov, Ihor"]
[Black "Kadam, Om Manish"]
[WhiteFideId "14187086"]
[BlackFideId "45076294"]
[WhiteElo "2406"]
[BlackElo "1729"]
[Result "1-0"]
[Round "09"]
[TimeControl "180+1"]
[Date "2022.02.22"]
[WhiteClock "0:00:16"]
[BlackClock "0:00:31"]

1. d4 Nf6 2. c4 e6 3. Nc3 d5 4. cxd5 exd5 5. Bg5 Be7 6. e3 O-O 7. Bd3 Nbd7 8. Nf3 c6 9. Qc2 Re8 10. O-O Nf8 11. Ne5 g6 12. f4 Ne6 13. g4 c5 14. Qf2 cxd4 15. exd4 Qb6 16. Bxf6 Bxf6 17. Nxd5 Qd8 18. Nxf6+ Qxf6 19. g5 Qd8 20. Ng4 Nxg5 21. fxg5 Bxg4 22. Qxf7+ Kh8 23. Qf4 Be2 24. Bxe2 Rxe2 25. Rae1 Qe8 26. Rxe2 Qxe2 27. Rf2 Qe1+ 28. Kg2 Re8 29. Qf6+ Kg8 30. Qf7+ Kh8 31. Qxb7 Qe3 32. Qd5 Rb8 33. Qe5+ Qxe5 34. dxe5 Kg7 35. e6 Rb7 36. Rf7+ Rxf7 37. exf7 Kxf7 38. Kf3 Ke6 39. Ke4 a6 40. b4 Kd6 41. a4 Kc6 42. Ke5 Kb6 43. Kf6 Kc6 44. Kg7 Kd5 45. Kxh7 Kc4 46. b5 axb5 47. axb5 Kxb5 48. Kxg6 Kc5 49. h4 Kd5 50. h5 Ke5 51. h6 Kf4 52. h7 Kg4 53. h8=Q Kf4 54. Kf6 Kg4 55. g6 Kf4 56. g7 Kf3 1-0


[Site "https://www.chess.com"]

[Event "Titled Tuesday Blitz February 22 Early 2022"]
[White "Sanchez, Robert"]
[Black "Necula, Iulian"]
[WhiteFideId "2034360"]
[BlackFideId "1232380"]
[WhiteElo "2244"]
[BlackElo "1776"]
[Result "1-0"]
[Round "09"]
[TimeControl "180+1"]
[Date "2022.02.22"]
[WhiteClock "0:02:11"]
[BlackClock "0:00:09"]

1. e4 g6 2. d4 c6 3. Nc3 d5 4. Nf3 Bg4 5. h3 Bxf3 6. Qxf3 dxe4 7. Nxe4 Nf6 8. Nxf6+ exf6 9. Be3 Bg7 10. O-O-O O-O 11. Kb1 Nd7 12. h4 h5 13. Bc4 Re8 14. g4 b5 15. Bb3 a5 16. a3 hxg4 17. Qxg4 a4 18. Ba2 f5 19. Qxg6 Qf6 20. Qg2 f4 21. Bc1 Rac8 22. Rdg1 Qxd4 23. Rd1 Qa7 24. Rhg1 Kf8 25. Qxg7+ Ke7 26. Qxf7+ Kd8 27. Rg8 Rxg8 28. Qxg8+ Kc7 29. Rxd7+ Kxd7 30. Qf7+ Kd6 31. Qxa7 Rc7 32. Bxf4+ 1-0


[Site "https://www.chess.com"]

[Event "Titled Tuesday Blitz February 22 Early 2022"]
[White "Seifert, Henryk"]
[Black "Berdychevskaya, Natasha"]
[WhiteFideId "1100963"]
[BlackFideId "4159322"]
[WhiteElo "2120"]
[BlackElo "1780"]
[Result "0-1"]
[Round "09"]
[TimeControl "180+1"]
[Date "2022.02.22"]
[WhiteClock "0:00:25"]
[BlackClock "0:00:53"]

1. e4 e5 2. Nf3 Nf6 3. Nc3 Nc6 4. Bb5 Bb4 5. O-O O-O 6. d3 Bxc3 7. bxc3 d6 8. Re1 h6 9. d4 Bd7 10. h3 Re8 11. d5 Ne7 12. Bxd7 Nxd7 13. Nh4 Nxd5 14. Qxd5 Qxh4 15. Qxb7 Nc5 16. Qc6 Rab8 17. Ba3 Ne6 18. Re3 Nf4 19. Rf3 Qg5 20. g4 h5 21. Qd7 hxg4 22. Qxg4 Nxh3+ 0-1


[Site "https://www.chess.com"]

[Event "Titled Tuesday Blitz February 22 Early 2022"]
[White "Shahaliyev, Ismayil"]
[Black "Urazayev, Arystanbek"]
[WhiteFideId "13406388"]
[BlackFideId "13709810"]
[WhiteElo "2105"]
[BlackElo "2321"]
[Result "1-0"]
[Round "09"]
[TimeControl "180+1"]
[Date "2022.02.22"]
[WhiteClock "0:00:35"]
[BlackClock "0:01:34"]

1. d4 d5 2. Nf3 e6 3. c4 a6 4. g3 dxc4 5. Bg2 Nf6 6. O-O b5 7. Ne5 Nd5 8. a4 Bb7 9. e4 Nf6 10. Nc3 c6 11. Be3 Be7 12. d5 O-O 13. dxe6 fxe6 14. Bh3 Qe8 15. Bxe6+ Kh8 16. Bh3 b4 17. Ne2 c5 18. f3 Qh5 19. Bf5 Nc6 20. Nf4 Qe8 21. Nxc4 Rd8 22. Qe1 Nd4 23. Ne6 Nxe6 24. Bxe6 Rd3 25. Rd1 Rxd1 26. Qxd1 Bd8 27. Bh3 Be7 28. Nd6 Qc6 29. Nc4 Rd8 30. Qe2 Qxa4 31. Ne5 Qb3 32. Rc1 Bd6 33. Nc4 Bf8 34. Na5 Bc8 35. Nxb3 1-0


[Site "https://www.chess.com"]

[Event "Titled Tuesday Blitz February 22 Early 2022"]
[White "Shtyka, Sergey"]
[Black "Berezin, Viktor"]
[WhiteFideId "4138465"]
[BlackFideId "14107872"]
[WhiteElo "2014"]
[BlackElo "2310"]
[Result "1-0"]
[Round "09"]
[TimeControl "180+1"]
[Date "2022.02.22"]
[WhiteClock "0:00:28"]
[BlackClock "0:00:38"]

1. e4 d5 2. exd5 Nf6 3. Nc3 g6 4. Nf3 Bg7 5. Bc4 O-O 6. O-O a6 7. a4 b6 8. d4 Bb7 9. Bf4 Nbd7 10. Re1 Rc8 11. Qe2 Re8 12. Bxa6 Bxa6 13. Qxa6 Nb8 14. Qc4 c6 15. dxc6 Nxc6 16. Rad1 Ne5 17. dxe5 Qxd1 18. Rxd1 Rxc4 19. exf6 Rxf4 20. fxg7 Kxg7 21. Rd4 Rf6 22. Kf1 e5 23. Rb4 Rc6 24. Ke2 f5 25. Nd2 e4 26. Nc4 Rb8 27. a5 Kf6 28. Nd5+ Ke6 29. Ndxb6 1-0


[Site "https://www.chess.com"]

[Event "Titled Tuesday Blitz February 22 Early 2022"]
[White "Shuvalova, Polina"]
[Black "Shuvalov, Evgenij"]
[WhiteFideId "24171760"]
[BlackFideId "4187237"]
[WhiteElo "2355"]
[BlackElo "2119"]
[Result "1-0"]
[Round "09"]
[TimeControl "180+1"]
[Date "2022.02.22"]
[WhiteClock "0:00:07"]
[BlackClock "0:00:02"]

1. e4 e6 2. d4 d5 3. Nc3 Bb4 4. e5 c5 5. a3 Bxc3+ 6. bxc3 Ne7 7. a4 Qc7 8. Nf3 h6 9. Be2 b6 10. Bb5+ Bd7 11. Be2 Nbc6 12. O-O O-O 13. Bd2 Na5 14. Qc1 f6 15. Re1 Nac6 16. Bf4 fxe5 17. Nxe5 Nxe5 18. Bxe5 Qd8 19. Qe3 Nf5 20. Qh3 Qg5 21. Rad1 c4 22. Kh1 Bxa4 23. f4 Qh4 24. Qxh4 Nxh4 25. Rd2 Nf5 26. Bf3 Bd7 27. g4 Nh4 28. Bd1 Ng6 29. Bd6 Rf7 30. Rf2 a5 31. Be2 b5 32. Kg2 a4 33. Kg3 a3 34. Ra1 a2 35. h4 Ne7 36. h5 Nc6 37. Bf3 Ra4 38. f5 b4 39. cxb4 Ra3 40. b5 Rxf3+ 41. Rxf3 Nxd4 42. b6 Bc6 43. Rf2 exf5 44. Rxa2 fxg4 45. Rxf7 Kxf7 46. Be5 Nf3 47. Bf4 d4 48. Ra7+ Ke6 49. Rc7 1-0


[Site "https://www.chess.com"]

[Event "Titled Tuesday Blitz February 22 Early 2022"]
[White "Singh, Ojasva"]
[Black "Rodchenkov, Sergey D."]
[WhiteFideId "25681958"]
[BlackFideId "4168712"]
[WhiteElo "1741"]
[BlackElo "2306"]
[Result "0-1"]
[Round "09"]
[TimeControl "180+1"]
[Date "2022.02.22"]
[WhiteClock "0:00:05"]
[BlackClock "0:00:07"]

1. e4 c5 2. Nf3 d6 3. d4 cxd4 4. Nxd4 Nf6 5. Nc3 a6 6. h3 e5 7. Nb3 Be6 8. f4 exf4 9. Bxf4 Nc6 10. Qd2 Ne5 11. O-O-O Be7 12. Nd4 Bd7 13. g4 O-O 14. Nf5 Bxf5 15. exf5 Rc8 16. Be2 b5 17. g5 Nfd7 18. Nd5 Rc6 19. Kb1 Re8 20. h4 Bf8 21. h5 Nb6 22. Nb4 Nbc4 23. Qd5 Rc5 24. Qg2 Qa5 25. Nd3 Nxd3 26. Bxd3 d5 27. g6 Nxb2 28. gxh7+ Kh8 29. h6 Nc4 30. Ka1 Qc3+ 31. Kb1 Qb2# 0-1


[Site "https://www.chess.com"]

[Event "Titled Tuesday Blitz February 22 Early 2022"]
[White "Siva Mahadevan"]
[Black "Kozak, Antoni"]
[WhiteFideId "25043153"]
[BlackFideId "21832030"]
[WhiteElo "2203"]
[BlackElo "2232"]
[Result "0-1"]
[Round "09"]
[TimeControl "180+1"]
[Date "2022.02.22"]
[WhiteClock "0:00:08"]
[BlackClock "0:00:39"]

1. e4 c6 2. d4 d5 3. e5 Bf5 4. c4 e6 5. Nc3 Ne7 6. Nge2 Nd7 7. Ng3 Bg6 8. h4 h6 9. h5 Bh7 10. Be2 dxc4 11. Bxc4 c5 12. d5 exd5 13. Nxd5 Nb6 14. Bb5+ Nc6 15. Bxc6+ bxc6 16. Nc3 Qxd1+ 17. Kxd1 O-O-O+ 18. Ke2 Bd3+ 19. Kf3 c4 20. Bf4 Bc5 21. Nge4 Bd4 22. Nd6+ Rxd6 23. exd6 Nd5 24. Bd2 Kd7 25. Rac1 Rb8 26. Na4 Kxd6 27. Bc3 Nxc3 28. bxc3 Bf6 29. Rcd1 Rb5 30. Rhe1 Kc7 31. g4 Bc2 32. Rc1 Bxa4 33. Re4 Rc5 34. Ke3 Bb5 35. f4 Rd5 36. a4 Rd3+ 37. Ke2 Ba6 38. Re3 Rd5 39. Kf3 Ra5 40. Rg1 Bc8 41. Ke4 Be6 42. Reg3 Bd5+ 43. Ke3 Rxa4 44. g5 Bxc3 45. f5 hxg5 46. Rxg5 Bf6 47. Rxg7 Bxg7 48. Rxg7 Ra3+ 49. Kd4 Rh3 50. Rh7 Kd6 51. Rh6+ Kd7 0-1


[Site "https://www.chess.com"]

[Event "Titled Tuesday Blitz February 22 Early 2022"]
[White "Steil-Antoni, Fiona"]
[Black "Mirzanurov, Bulat"]
[WhiteFideId "4001249"]
[BlackFideId "4184521"]
[WhiteElo "2059"]
[BlackElo "2116"]
[Result "1-0"]
[Round "09"]
[TimeControl "180+1"]
[Date "2022.02.22"]
[WhiteClock "0:00:20"]
[BlackClock "0:00:13"]

1. e4 c5 2. Nc3 d6 3. f4 g6 4. Nf3 Bg7 5. Bc4 Nc6 6. d3 e6 7. O-O Nge7 8. Qe1 a6 9. f5 exf5 10. Qh4 h6 11. a4 g5 12. Qe1 f4 13. Kh1 O-O 14. Qd1 Be6 15. Nd5 Ne5 16. Nxe5 Bxe5 17. Qh5 Bg7 18. g3 Bxd5 19. exd5 fxg3 20. hxg3 Ng6 21. Bd2 Ne5 22. Bc3 Nxc4 23. dxc4 Bxc3 24. bxc3 Kg7 25. Rf2 f5 26. Re1 Re8 27. Rfe2 Rxe2 28. Rxe2 Qd7 29. Re6 Rh8 30. Qg6+ Kf8 31. Rf6+ Ke7 32. Rf7+ Kd8 33. Qf6+ Kc7 34. Rxd7+ Kxd7 35. Qxh8 1-0


[Site "https://www.chess.com"]

[Event "Titled Tuesday Blitz February 22 Early 2022"]
[White "Suarez Uriel, Adrian"]
[Black "Rustemov, Alexander"]
[WhiteFideId "22230874"]
[BlackFideId "4119002"]
[WhiteElo "2316"]
[BlackElo "2698"]
[Result "1/2-1/2"]
[Round "09"]
[TimeControl "180+1"]
[Date "2022.02.22"]
[WhiteClock "0:00:59"]
[BlackClock "0:00:11"]

1. e4 e6 2. d4 d5 3. Bd3 dxe4 4. Bxe4 Nf6 5. Bf3 Be7 6. Ne2 O-O 7. O-O Nbd7 8. c4 e5 9. Nbc3 c6 10. Bg5 h6 11. Bh4 exd4 12. Qxd4 Nc5 13. Rad1 Qxd4 14. Nxd4 Re8 15. b4 Ne6 16. a3 Nxd4 17. Rxd4 Be6 18. c5 a5 19. h3 axb4 20. axb4 Ra3 21. Ne4 g5 22. Bg3 Nxe4 23. Rxe4 Bf6 24. Rfe1 Rea8 25. Rxe6 fxe6 26. Rxe6 Kf7 27. Rd6 Rd8 28. b5 Rxd6 29. Bxd6 Ra1+ 30. Kh2 Ke6 31. bxc6 bxc6 32. Bxc6 Be5+ 33. Bxe5 Kxe5 34. Bf3 Rc1 35. c6 Kf4 36. Bd5 Ke5 37. Bf3 Rc2 38. Kg3 Kf5 39. Bg4+ Ke5 40. Bd7 h5 41. h4 Rc3+ 42. f3 Kf6 43. hxg5+ Kxg5 44. Kh3 h4 45. g3 hxg3 46. Kxg3 Rc4 47. f4+ Rxf4 48. c7 Rc4 49. c8=Q Rxc8 50. Bxc8 1/2-1/2


[Site "https://www.chess.com"]

[Event "Titled Tuesday Blitz February 22 Early 2022"]
[White "Svane, Rasmus"]
[Black "Yeletsky, Ivan"]
[WhiteFideId "4657101"]
[BlackFideId "24180327"]
[WhiteElo "2645"]
[BlackElo "2348"]
[Result "1-0"]
[Round "09"]
[TimeControl "180+1"]
[Date "2022.02.22"]
[WhiteClock "0:00:07"]
[BlackClock "0:00:05"]

1. Nf3 d5 2. g3 g6 3. Bg2 Bg7 4. d4 c6 5. O-O Nf6 6. c4 O-O 7. Qb3 a5 8. Rd1 a4 9. Qb4 dxc4 10. Qxc4 Be6 11. Qb4 Nd5 12. Qe1 Bg4 13. e4 Nc7 14. Be3 Nb5 15. e5 Na6 16. Nc3 Nac7 17. h3 Bxf3 18. Bxf3 e6 19. a3 Qe7 20. Ne4 h6 21. h4 Nd5 22. Rd2 Rfd8 23. Rad1 Rd7 24. Nc5 Rdd8 25. Rd3 Ra7 26. Bc1 Raa8 27. Kg2 Nxd4 28. Rxd4 Qxc5 29. Qe4 Qe7 30. Re1 Qc7 31. Bd1 b5 32. Bc2 c5 33. Rdd1 Qc6 34. h5 g5 35. Qh7+ Kf8 36. Kh2 Qc7 37. Re2 Nb6 38. Rde1 Nd7 39. f4 gxf4 40. Bxf4 Nb6 41. Rf1 Rd4 42. Bg6 Ra7 43. Bxh6 Bxh6 44. Qxh6+ Ke8 45. Qh8+ Kd7 46. Rxf7+ Kc6 47. Rxc7+ Rxc7 48. Qf6 1-0


[Site "https://www.chess.com"]

[Event "Titled Tuesday Blitz February 22 Early 2022"]
[White "Tari, Aryan"]
[Black "Korchmar, Vasiliy"]
[WhiteFideId "1510045"]
[BlackFideId "24131750"]
[WhiteElo "2567"]
[BlackElo "2370"]
[Result "1-0"]
[Round "09"]
[TimeControl "180+1"]
[Date "2022.02.22"]
[WhiteClock "0:00:17"]
[BlackClock "0:00:02"]

1. Nf3 d5 2. e3 Nf6 3. c4 c6 4. Nc3 a6 5. b3 Bg4 6. Bb2 e6 7. Be2 Nbd7 8. O-O Bd6 9. d4 O-O 10. a3 a5 11. Nd2 Bf5 12. c5 Bc7 13. b4 e5 14. b5 exd4 15. exd4 Re8 16. g3 Nf8 17. b6 Bb8 18. Re1 Ne6 19. Nf1 h5 20. Ne3 Bg6 21. h4 Ne4 22. Nxe4 Bxe4 23. Bd3 Bxd3 24. Qxd3 Qf6 25. Ng2 a4 26. Re2 Rf8 27. Bc3 g6 28. Rae1 Rd8 29. Re3 Qg7 30. Rf3 Re8 31. Re2 Kh7 32. Ne1 Re7 33. Nc2 Re8 34. Rfe3 Qf6 35. Qd1 Qf5 36. Ne1 Rf8 37. Nf3 Bf4 38. gxf4 Nxf4 39. Ng5+ Kg8 40. f3 Nxe2+ 41. Qxe2 f6 42. Ne6 Rfe8 43. Nc7 Rxe3 44. Qxe3 Qb1+ 45. Kg2 Qc2+ 46. Kg3 Rf8 47. Bd2 Qd1 48. Kg2 Rf7 49. Qe8+ Kg7 50. Ne6+ 1-0


[Site "https://www.chess.com"]

[Event "Titled Tuesday Blitz February 22 Early 2022"]
[White "Tay, Junior"]
[Black "Sailer, Mike"]
[WhiteFideId "5800439"]
[BlackFideId "2012901"]
[WhiteElo "2216"]
[BlackElo "2109"]
[Result "1/2-1/2"]
[Round "09"]
[TimeControl "180+1"]
[Date "2022.02.22"]
[WhiteClock "0:00:44"]
[BlackClock "0:00:10"]

1. Nc3 d5 2. e4 dxe4 3. f3 exf3 4. Nxf3 Nf6 5. d4 c6 6. Bd3 Bg4 7. O-O e6 8. Qe1 Nbd7 9. Ne5 Nxe5 10. dxe5 Nd5 11. Ne4 Bf5 12. Bg5 Qb6+ 13. Kh1 h6 14. Bh4 Qe3 15. Nd6+ Bxd6 16. exd6 Qxe1 17. Raxe1 Bxd3 18. d7+ Kf8 19. cxd3 g5 20. Bf2 Ke7 21. Bc5+ Kxd7 22. Rxf7+ Ke8 23. Rxb7 Nf4 24. g3 Nxd3 25. Rxe6+ Kd8 26. Bxa7 Kc8 27. Ree7 Rxa7 28. Rxa7 Kb8 29. Reb7+ Kc8 30. Ra8+ Kxb7 31. Rxh8 Nxb2 32. Rxh6 c5 33. Rf6 c4 34. h4 gxh4 35. gxh4 Nd3 36. Rf1 c3 37. h5 c2 38. h6 Nf2+ 39. Kg2 Nd1 40. h7 c1=Q 41. h8=Q Ne3+ 42. Kf3 Nxf1 43. Qg7+ Ka6 44. Qf6+ Ka7 45. Qe7+ Kb8 46. Qd8+ Kb7 47. Qd5+ Qc6 48. Qxc6+ Kxc6 49. Ke2 Ng3+ 50. Kd3 Nf5 51. Kc4 Nd6+ 52. Kb4 Kb6 53. Kb3 Ka5 54. Ka3 Nb5+ 55. Kb3 Nd4+ 56. Kc3 Nc6 57. Kb3 Nb4 58. a3 Na6 59. Kc4 Ka4 60. Kc3 Kxa3 1/2-1/2


[Site "https://www.chess.com"]

[Event "Titled Tuesday Blitz February 22 Early 2022"]
[White "Thomas, Anysia"]
[Black "Dovbnia, Nikita"]
[WhiteFideId "670472"]
[BlackFideId "54104599"]
[WhiteElo "2002"]
[BlackElo "2111"]
[Result "0-1"]
[Round "09"]
[TimeControl "180+1"]
[Date "2022.02.22"]
[WhiteClock "0:00:05"]
[BlackClock "0:00:15"]

1. d4 Nf6 2. c4 e6 3. Nf3 Bb4+ 4. Nbd2 Bxd2+ 5. Qxd2 O-O 6. b3 Ne4 7. Qc2 f5 8. e3 b6 9. Bb2 Bb7 10. Bd3 Ng5 11. Be2 Nxf3+ 12. gxf3 d6 13. O-O-O a5 14. Rhg1 Nd7 15. f4 Nf6 16. f3 a4 17. Rg2 axb3 18. axb3 Ra2 19. Rdg1 Rf7 20. Qd1 Qa8 21. Bd3 Bxf3 22. Qd2 Bxg2 23. Rxg2 Ne4 24. Qc2 Qa5 25. Rg1 d5 26. h4 Rf8 27. cxd5 exd5 28. Qg2 g6 29. h5 Rf6 30. Bxe4 dxe4 31. Qc2 Ra1+ 32. Bxa1 Qxa1+ 33. Qb1 Rc6+ 34. Kd2 Qc3+ 35. Ke2 Qc2+ 36. Qxc2 Rxc2+ 37. Kf1 Rc1+ 38. Kg2 Rxg1+ 39. Kxg1 Kf7 40. Kf2 Ke6 41. hxg6 hxg6 42. Ke2 Kd5 43. Kd2 c5 44. dxc5 bxc5 45. Kc3 Kc6 46. Kc4 Kd6 47. Kc3 Kd5 48. b4 cxb4+ 49. Kxb4 Ke6 50. Kc4 Kf6 51. Kd5 g5 52. fxg5+ Kxg5 53. Kd4 Kg4 54. Ke5 Kf3 55. Kxf5 Kxe3 56. Kg4 Kd2 57. Kg3 e3 0-1


[Site "https://www.chess.com"]